 Dungeon Crawl Stone Soup version 0.29-a0-962-gc8bbfd0a37 (webtiles) character file.

Game seed: 10871028009713258394

15528 leavemydog the Severer (level 12, -13/112 HPs)
             Began as a Hill Orc Fighter on July 29, 2022.
             Was an Elder of Trog.
             Mangled by a skeletal warrior
             ... wielding a +0 hand axe
              (18 damage)
             ... on level 11 of the Dungeon on July 30, 2022.
             The game lasted 00:23:41 (12378 turns).

leavemydog the Severer (Hill Orc Fighter)          Turns: 12378, Time: 00:23:44

Health: -13/112    AC: 21    Str: 27 (28) XL:     12   Next: 28%
Magic:  12/12      EV: 10    Int:  8      God:    Trog [****..]
Gold:   657        SH:  5    Dex: 10      Spells: 11/11 levels left

rFire   . . .      SeeInvis +   a - +0 war axe (flame)
rCold   . . .      Faith    .   c - +0 buckler
rNeg    + . .      Spirit   .   I - +1 swamp dragon scales of the Big Bang {rPois Str+4}
rPois   +          Reflect  .   u - +0 helmet
rElec   .          Harm     .   D - +0 cloak
rCorr   .          Rampage  .   q - +1 pair of gloves
Will    ++...                   F - +0 pair of boots
Stlth   ..........              (no amulet)
HPRegen 1.28/turn               j - ring of positive energy
MPRegen 0.13/turn               v - +4 ring of protection

@: about to teleport, strong-willed, regenerating
A: see invisible, deterioration 1
a: Renounce Religion, Berserk, Trog's Hand, Brothers in Arms


You were on level 11 of the Dungeon.
You worshipped Trog.
Trog was greatly pleased with you.
You visited 2 branches of the dungeon, and saw 12 of its levels.

You collected 657 gold pieces.

Inventory:

Hand Weapons
 a - a +0 war axe of flaming (weapon)
 b - the +0 great sword of Hubris {holy, rF+ Str+7}
   (You found it on level 6 of the Dungeon)

   It has been blessed by the Shining One to cause great damage to the undead
   and demons.
   Str:       It affects your strength (+7).
   rF:        It protects you from fire.
 h - a +4 morningstar of protection
 L - a +5 battleaxe of freezing
 Q - the +7 mace "Qyseor" {flame, rN+ Dex+4}
   (You took it off an orc on level 9 of the Dungeon)

   It burns those it strikes, dealing additional fire damage.
   Dex:       It affects your dexterity (+4).
   rN:        It protects you from negative energy.
Armour
 c - a +0 buckler (worn)
 q - a +1 pair of gloves (worn)
 u - a +0 helmet (worn)
 D - a +0 cloak (worn)
 F - a +0 pair of boots (worn)
 I - the +1 swamp dragon scales of the Big Bang (worn) {rPois Str+4}
   (You found it on level 6 of the Dungeon)

   Str:       It affects your strength (+4).
   rPois:     It protects you from poison.
 K - a +4 ring mail of cold resistance
Jewellery
 j - a ring of positive energy (left hand)
 l - a ring of wizardry
 v - a +4 ring of protection (right hand)
 B - a ring of fire
 C - a ring of willpower
 S - an amulet of guardian spirit
Wands
 w - a wand of mindburst (19)
 x - a wand of quicksilver (6)
 J - a wand of charming (18)
 M - a wand of roots (11)
 N - a wand of flame (30)
Scrolls
 e - 4 scrolls of fear
 g - 5 scrolls of teleportation
 i - 3 scrolls of blinking {unknown}
 k - a scroll of silence {unknown}
 n - 5 scrolls of noise {unknown}
 s - 4 scrolls of enchant armour {unknown}
 y - a scroll of vulnerability
 A - a scroll of brand weapon
 E - a scroll of summoning
 G - 3 scrolls of magic mapping
 H - a scroll of poison {unknown}
Potions
 d - 3 potions of might
 f - 2 potions of ambrosia
 m - 2 potions of berserk rage
 o - 2 potions of resistance {unknown}
 p - 3 potions of attraction
 r - 3 potions of brilliance {unknown}
 t - 10 potions of curing
 z - 2 potions of haste
 O - 2 potions of flight {unknown}
 P - a potion of cancellation {unknown}
 T - a potion of lignification {unknown}


   Skills:
 + Level 12.2 Fighting
 * Level 2.0 Long Blades
 + Level 16.1(16.3) Axes
 * Level 1.9(9.1) Maces & Flails
 * Level 1.8(9.1) Polearms
 + Level 9.9 Armour
 + Level 1.1 Dodging
 + Level 8.5 Shields


You had 11 spell levels left.
You didn't know any spells.
Your spell library contained the following spells:

 Spells                   Type           Power      Damage    Failure   Level
 Ozocubu's Armour         Ice            0%         N/A       91%         3
 Metabolic Englaciation   Hex/Ice        0%         N/A       100%        5
 Simulacrum               Ice/Necr       0%         N/A       100%        6


Dungeon Overview and Level Annotations

Branches:
Dungeon (11/15)            Temple (1/1) D:5
   Lair: D:8-11         Orc: D:9-12

Altars:
Ashenzari
Cheibriados
Dithmenos
Elyvilon
Fedhas
Gozag
Hepliaklqana
Kikubaaqudgha
Makhleb
Nemelex Xobeh
Okawaru
Qazlal
Ru
Sif Muna
Trog
Uskayaw
Vehumet
Wu Jian
Xom
Yredelemnul
The Shining One

Shops:
D:9 =   D:11 !


Innate Abilities, Weirdness & Mutations

You have supernaturally acute eyesight. (SInv)
Your body sometimes deteriorates upon taking damage.


Message History

The skeletal warrior hits you with a +0 scimitar.
You hit the skeletal warrior. You burn the skeletal warrior.
The skeletal warrior is lightly damaged.
You hit the skeletal warrior. You burn the skeletal warrior.
The skeletal warrior hits you but does no damage. x2
You hit the skeletal warrior but do no damage.
The skeletal warrior is lightly damaged.
You hit the skeletal warrior. You burn the skeletal warrior.
You closely miss the skeletal warrior.
The skeletal warrior is lightly damaged.
You barely miss the skeletal warrior.
The skeletal warrior hits you with a +0 scimitar.
The skeletal warrior hits you with a +0 hand axe!
You completely miss the skeletal warrior.
The skeletal warrior is lightly damaged.
You hit the skeletal warrior but do no damage.
The skeletal warrior hits you with a +0 scimitar.
The skeletal warrior hits you but does no damage.
You slice the skeletal warrior!! You burn the skeletal warrior.
The skeletal warrior is heavily damaged.
You hit the skeletal warrior. You burn the skeletal warrior.
You slash the skeletal warrior! You burn the skeletal warrior.
The skeletal warrior hits you with a +2 hand axe of freezing!
The skeletal warrior freezes you.
The skeletal warrior hits you with a +0 hand axe!!
Your body deteriorates!
You feel weakened.
The skeletal warrior hits you but does no damage.
As you read the scroll of teleportation, it crumbles to dust.
You feel strangely unstable.
The skeletal warrior hits you with a +0 scimitar!
* * * LOW HITPOINT WARNING * * *
The skeletal warrior barely misses you. x2
Okay, then.
Your skin crawls.
You feel strong-willed.
The skeletal warrior hits you with a +0 scimitar!
* * * LOW HITPOINT WARNING * * *
The skeletal warrior misses you.
The skeletal warrior hits you with a +0 hand axe!!
You die...

... .#
...##########..
................
.......$........
................
................
......zz........
#...
......z@........
#..#
#######.........
###..# #.........
.....#
#.#####...###
.....#
#.#...#.......
.....#
#.#...+.......
.....#
#.#...#......
.....#
#.#...#....#######
.....#
#.#'###....#......


You could see 3 skeletal warriors.

Vanquished Creatures
  A boulder beetle (D:9)
  A two-headed ogre (D:8)
  Erica (D:9)
  2 cyclopes
  Maurice (D:10)
  2 kobold demonologists
  Grinder (D:3)
  3 hornets
  4 trolls
  Prince Ribbit (D:5)
  2 vampires (D:9)
  2 wraiths
  6 wyverns
  15 yaks
  4 vampire mosquitoes (D:10)
  2 steam dragons (D:9)
  A water moccasin (D:9)
  Duvessa (D:7)
  4 orc warriors
  A sky beast (D:7)
  An ice beast (D:6)
  10 centaurs
  3 wolves (D:8)
  2 phantoms (D:5)
  Blork the orc (D:6)
  7 kobold brigands
  3 necrophages
  2 bullfrogs (D:6)
  3 gnoll sergeants
  2 scorpions
  22 wights
  Dowan (D:7)
  11 killer bees
  6 howler monkeys
  7 hounds
  Crazy Yiuf (D:3)
  A gnoll bouda (D:6)
  5 orc priests
  An iguana (D:6)
  11 orc wizards
  7 gnolls
  8 adders
  2 shadow imps
  2 ufetubi
  3 worms
  27 orcs
  3 bats
  5 endoplasms
  2 giant cockroaches
  7 goblins
  8 hobgoblins
  4 quokkas
  7 ball pythons
  4 frilled lizards
  17 kobolds
  6 rats
  2 bushes (D:8)
269 creatures vanquished.

Vanquished Creatures (others)
  2 kobolds (D:9)
  A plant (D:5)
3 creatures vanquished.

Grand Total: 272 creatures vanquished

Notes
Turn   | Place    | Note
-------+----------+-------------------------------------------
     0 | D:1      | leavemydog the Hill Orc Fighter began the quest for the
                  | Orb.
     0 | D:1      | Reached XP level 1. HP: 19/19 MP: 1/1
     2 | D:1      | Noticed a tengu
     2 | D:1      | Noticed an elf
     4 | D:1      | Noticed a ghoul
     4 | D:1      | Noticed a formicid
     6 | D:1      | Noticed an ogre
     8 | D:1      | Noticed a gargoyle
     8 | D:1      | Noticed a merfolk
    10 | D:1      | Noticed a minotaur
    12 | D:1      | Noticed an octopode
    14 | D:1      | Noticed a felid
    14 | D:1      | Noticed a demigod
    16 | D:1      | Noticed a vine stalker
    18 | D:1      | Noticed a spriggan
    18 | D:1      | Noticed a dwarf
    20 | D:1      | Noticed a human
    20 | D:1      | Noticed a draconian
    22 | D:1      | Noticed a demonspawn
    22 | D:1      | Noticed a troll
    24 | D:1      | Noticed a naga
    24 | D:1      | Noticed a vampire
   387 | D:1      | Reached skill level 3 in Axes
   387 | D:1      | Reached XP level 2. HP: 27/27 MP: 2/2
  1076 | D:2      | Reached XP level 3. HP: 33/33 MP: 3/3
  1085 | D:2      | Found a faded altar of an unknown god.
  1719 | D:3      | Reached skill level 4 in Axes
  1745 | D:3      | Found a blossoming altar of Fedhas.
  1748 | D:3      | Found a burning altar of Makhleb.
  1812 | D:3      | Found a hazy altar of Hepliaklqana.
  1950 | D:3      | Reached XP level 4. HP: 39/40 MP: 4/4
  2036 | D:3      | Found a runed translucent door.
  2037 | D:3      | Noticed Crazy Yiuf
  2199 | D:3      | Found a white marble altar of Elyvilon.
  2270 | D:3      | Noticed Grinder
  2283 | D:3      | Paralysed by Grinder for 2 turns
  2298 | D:3      | Killed Grinder
  2299 | D:3      | Reached skill level 7 in Axes
  2299 | D:3      | Reached XP level 5. HP: 7/47 MP: 5/5
  2299 | D:3      | Reached XP level 6. HP: 8/53 MP: 6/6
  2625 | D:3      | Found a basalt altar of Yredelemnul.
  2708 | D:3      | Killed Crazy Yiuf
  3578 | D:5      | Entered Level 5 of the Dungeon
  3587 | D:5      | Noticed Prince Ribbit
  3597 | D:5      | HP: 2/53 [Prince Ribbit (14)]
  3774 | D:5      | Killed Prince Ribbit
  3775 | D:5      | Reached skill level 8 in Axes
  3775 | D:5      | Reached XP level 7. HP: 25/60 MP: 7/7
  3775 | D:5      | Found a hide-covered altar of Uskayaw.
  3948 | D:5      | Noticed a yak
  3949 | D:5      | Noticed a yak
  3949 | D:5      | Noticed a yak
  3950 | D:5      | Noticed a yak
  3952 | D:5      | Noticed a yak
  3957 | D:5      | Noticed a yak
  3974 | D:4      | Killed a yak
  3975 | D:4      | Reached skill level 9 in Axes
  4221 | D:4      | Killed a yak
  4222 | D:4      | Reached skill level 5 in Fighting
  4222 | D:4      | Reached XP level 8. HP: 37/68 MP: 8/8
  4227 | D:4      | Killed a yak
  4228 | D:4      | Reached skill level 10 in Axes
  4228 | D:4      | Reached skill level 5 in Armour
  4387 | D:5      | Killed a yak
  4391 | D:5      | Killed a yak
  4392 | D:5      | Reached skill level 11 in Axes
  4395 | D:5      | Killed a yak
  4928 | D:5      | Found a staircase to the Ecumenical Temple.
  4950 | D:5      | Reached skill level 12 in Axes
  4950 | D:5      | Reached XP level 9. HP: 70/75 MP: 9/9
  4964 | Temple   | Entered the Ecumenical Temple
  4964 | Temple   | Found a transporter.
  4964 | Temple   | Found a transporter.
  4971 | Temple   | Found a transporter.
  4971 | Temple   | Found a transporter.
  5008 | Temple   | Became a worshipper of Trog the Wrathful
  5189 | D:5      | Found a glowing golden altar of the Shining One.
  5268 | D:5      | Found a snail-covered altar of Cheibriados.
  5525 | D:6      | Identified the +1 swamp dragon scales of the Big Bang
                  | {rPois Str+4}
  5732 | D:6      | Identified the +0 great sword of Hubris {holy, rF+ Str+7}
  5748 | D:6      | Noticed Blork the orc
  5761 | D:6      | Killed Blork the orc
  5843 | D:6      | Found a stormy altar of Qazlal.
  6075 | D:6      | Reached skill level 13 in Axes
  6573 | D:6      | Gained mutation: You are occasionally teleported next to
                  | monsters. [potion of mutation]
  6573 | D:6      | Gained mutation: You are partially covered in iridescent
                  | scales. (AC +2) [potion of mutation]
  6574 | D:6      | Lost mutation: You are occasionally teleported next to
                  | monsters. [potion of mutation]
  6574 | D:6      | Lost mutation: You are partially covered in iridescent
                  | scales. (AC +2) [potion of mutation]
  6574 | D:6      | Gained mutation: You are weak. (Str -2) [potion of
                  | mutation]
  6574 | D:6      | Gained mutation: You have a pair of small horns on your
                  | head. [potion of mutation]
  6574 | D:6      | Gained mutation: Your spells are a little harder to cast,
                  | but a little more powerful. [potion of mutation]
  6575 | D:6      | Lost mutation: You are weak. (Str -2) [potion of mutation]
  6575 | D:6      | Lost mutation: Your spells are a little harder to cast, but
                  | a little more powerful. [potion of mutation]
  6575 | D:6      | Lost mutation: You have a pair of small horns on your head.
                  | [potion of mutation]
  6575 | D:6      | Gained mutation: Your body sometimes deteriorates upon
                  | taking damage. [potion of mutation]
  6575 | D:6      | Gained mutation: You have supernaturally acute eyesight.
                  | (SInv) [potion of mutation]
  6678 | D:7      | Reached * piety under Trog
  6679 | D:7      | Reached skill level 14 in Axes
  6958 | D:7      | Noticed Duvessa
  6958 | D:7      | Noticed Dowan
  6969 | D:7      | Killed Duvessa
  6971 | D:7      | Killed Dowan
  6972 | D:7      | Reached XP level 10. HP: 81/86 MP: 10/10
  7023 | D:7      | Reached skill level 5 in Shields
  7336 | D:7      | Reached skill level 15 in Axes
  8097 | D:8      | Found an opulent altar of Gozag.
  8314 | D:8      | Reached ** piety under Trog
  8342 | D:8      | Reached skill level 16 in Axes
  9071 | D:8      | Noticed a two-headed ogre
  9076 | D:8      | Killed a two-headed ogre
  9455 | D:9      | Noticed Erica
  9468 | D:9      | Killed Erica
  9469 | D:9      | Reached XP level 11. HP: 87/97 MP: 11/11
  9582 | D:9      | Found Zeitzis's Jewellery Emporium.
  9881 | D:9      | Reached skill level 10 in Fighting
  9895 | D:9      | Reached *** piety under Trog
  9921 | D:9      | Identified the +7 mace "Qyseor" {flame, rN+ Dex+4}
  9922 | D:9      | Noticed a sixfirhy
 10391 | D:9      | Noticed a boulder beetle
 10423 | D:9      | Killed a boulder beetle
 10798 | D:9      | Noticed a cyclops
 10815 | D:9      | Killed a cyclops
 11230 | D:10     | Entered Level 10 of the Dungeon
 11231 | D:10     | Upgraded the game from 0.29-a0-925-g0a7a3d12f8 to
                  | 0.29-a0-962-gc8bbfd0a37
 11374 | D:10     | Noticed a soul eater
 11498 | D:10     | Reached XP level 12. HP: 101/112 MP: 12/12
 11690 | D:10     | Reached **** piety under Trog
 11694 | D:10     | Reached skill level 1 in Long Blades
 11696 | D:10     | Reached skill level 1 in Polearms
 11698 | D:10     | Reached skill level 1 in Maces & Flails
 11719 | D:10     | Noticed Maurice
 11734 | D:10     | Killed Maurice
 11795 | D:10     | Reached skill level 1 in Dodging
 12241 | D:11     | Found Zemu's Distillery.
 12378 | D:11     | HP: 5/112 [skeletal warrior/+0 scimitar (17)]
 12378 | D:11     | Mangled by a skeletal warrior

Illustrated notes

Levels and vault maps discovered:
D:1:      kb_arrival_jail, layout_basic, nicolae_kite_square_tiling_tiny,
          minmay_distorted
D:2:      layout_loops_cross, hellmonk_ecumenical_altar_arch_garden,
          guppyfry_early_orc_mine
D:3:      layout_loops_cross, mainiacjoe_overflow_swirl,
          nicolae_overflow_hidden_temple, grunt_ministairs_1,
          uniq_crazy_yiuf_cottage, uniq_grinder
D:4:      layout_basic, serial_glass, glass_columns_b, glass_columns_c,
          minmay_misc_feat_plants, st_stairs_6, minmay_misc_feat_hallway,
          chequers_serial_rivers_marsh, minmay_bisected
D:5:      layout_cave_pools, mainiacjoe_overflow_alcove_4,
          nicolae_uskayaw_suspiria, kennysheep_mini_moat,
          minmay_temple_entry_gardened_gates, serial_bayou, serial_bayou_pond_a,
          serial_bayou_pond_d, serial_bayou_pond_b, serial_bayou_lagoon_b,
          uniq_prince_ribbit1
D:6:      layout_cave_pools, kennysheep_mini, serial_column_ruins,
          column_ruins_columns_plus, column_ruins_open_small_water,
          column_ruins_columns_corner, minmay_increasing_density,
          uniq_blork_the_orc
D:7:      layout_basic, serial_glass, glass_columns_b, glass_columns_a,
          due_unseen_surprise, minmay_strange_pillars, minmay_strange_pillars,
          feat_on_display, minmay_misc_feat_diagonals, uniq_duvessa
D:8:      layout_gridville, grunt_gozag_breadcrumbs, erik_lair_island,
          minmay_hedge_maze
D:9:      minmay_imperfect_grid, layout_loops_ring, serial_shops,
          nicolae_shop_behind_doors, nzn_life_drinkers, uniq_erica
D:10:     layout_cave_pods, uniq_maurice
D:11:     layout_irregular_city, ebering_ghost_xom, serial_shops,
          nicolae_shop_stone
Temple:   hellmonk_temple_divided_pantheon

Skill      XL: |  1  2  3  4  5  6  7  8  9 10 11 12 |
---------------+-------------------------------------+-----
Axes           | 3 4 7 8 9 12 14 16 | 16.1
Fighting       | 4 5 7 9 11 12 | 12.2
Armour         | 4 5 6 8 9 |  9.9
Shields        | 4 6 8 |  8.5
Long Blades    | 2 |  2.0
Polearms       | 1 |  1.8
Maces & Flails | 1 |  1.9
Dodging        | 1 |  1.1

Action                   |  1- 3 |  4- 6 |  7- 9 | 10-12 || total
-------------------------+-------+-------+-------+-------++-------
Melee: War axe           |    92 |   106 |   236 |   516 ||   950
Invok: Berserk           |       |       |       |     2 ||     2
       Trog's Hand       |       |       |       |     1 ||     1
Evoke: Wand              |       |     1 |       |       ||     1
  Use: Scroll            |       |     4 |     3 |     7 ||    14
       Potion            |       |     1 |     3 |     2 ||     6
Armor: Scale mail        |    36 |    42 |    50 |       ||   128
       Swamp dragon scal |       |       |    66 |   292 ||   358
Dodge: Dodged            |    45 |    41 |    86 |   210 ||   382
Block: Buckler           |    22 |    23 |    54 |   123 ||   222

Table legend: (Time is in decaauts)
 A = Elapsed time spent in this place.
 B = Non-inter-level travel time spent in this place.
 C = Inter-level travel time spent in this place.
 D = Time resting spent in this place.
 E = Time spent auto-exploring this place.
 F = Levels seen in this place.
 G = Mean time per level.
                   A        B        C        D        E       F      G
               +--------+--------+--------+--------+--------+-----+--------+
         Total |  12316 |  11726 |    590 |   3533 |   6377 |  12 | 1026.3 |
       Dungeon |  12251 |  11661 |    590 |   3533 |   6371 |  11 | 1113.7 |
        Temple |     65 |     65 |      0 |      0 |      6 |   1 |   65.0 |
               +--------+--------+--------+--------+--------+-----+--------+

Top non-repeatable levels by time:
     D:9: 1872 daAuts
     D:8: 1677 daAuts
     D:4: 1348 daAuts
     D:5: 1319 daAuts
     D:3: 1105 daAuts
     D:6: 1097 daAuts
     D:7: 971 daAuts
    D:10: 963 daAuts
     D:1: 896 daAuts
     D:2: 839 daAuts
    D:11: 159 daAuts
  Temple: 65 daAuts
